AoeStats
← 我不是ikun

Black Forest

505898393Analyzed
4v4 RM · 19d ago on Sep 11, 2026· 63m 22s· 8 players
Game mode
Random Map
Map size
Large (8 player)
Population
200
Speed
Normal
Resources
Standard
Victory
Conquest
Starting age
Dark Age
Ending age
Imperial Age
RankedLock teamsTeams togetherTeam positionsShared explorationLock speedFull tech treeHidden civsTurbo modeCheats
Victory
Defeat
🇲🇽 Tatars · Mexico
1482
+13
🇨🇳 Celts · China
1468
+13
🇷🇺 Mongols · Russia
1433
+15
🇶🇦 Mapuche · Qatar
1376
+17
1474
-17
1472
-18
🇨🇳 Khmer · China
1352
-12
🇨🇳 Burmese · China
1329
-11
抖音-斩邪留正
0:38 Loom
13:58 Feudal Age
18:33 Castle Age
17:21 Horse Collar
17:53 Town Watch
19:53 Wheelbarrow
19:22 Heavy Plow
25:51 Hand Cart
35:15 Manipur Cavalry
41:56 Coinage
52:52 Elite Skirmisher
56:24 Imperial Age
57:51 Guilds
58:00 Fletching
58:30 Padded Archer Armor
59:20 Scale Mail Armor
61:13 Bodkin Arrow
爱烤番薯的机长
11:52 Feudal Age
12:27 Double-Bit Axe
15:12 Castle Age
13:51 Horse Collar
16:13 Bow Saw
16:44 Wheelbarrow
24:28 Hand Cart
24:50 Loom
25:25 Town Watch
25:47 Stone Mining
25:58 Gold Mining
27:40 Stone Shaft Mining
27:41 Gold Shaft Mining
30:34 Imperial Age
28:30 Scale Barding Armor
29:15 Heavy Plow
29:54 Chain Barding Armor
29:44 Forging
30:23 Masonry
31:42 Conscription
30:43 Elite War Elephant
31:43 Bloodlines
31:33 Husbandry
32:10 Plate Barding Armor
32:10 Iron Casting
32:26 Crop Rotation
32:58 Two-Man Saw
34:18 Blast Furnace
34:06 Hoardings
34:49 Chemistry
34:41 Guilds
35:57 Fletching
37:25 Coinage
36:55 Caravan
38:20 Bodkin Arrow
38:26 Padded Archer Armor
39:14 Ballistics
39:25 Architecture
39:58 Banking
40:43 Elite Skirmisher
41:40 Leather Archer Armor
41:35 Light Cavalry
42:58 Ring Archer Armor
43:08 Hussar
44:23 Citadels
47:54 Murder Holes
50:26 Scale Mail Armor
50:46 Devotion
50:22 Pikeman
51:02 Squires
51:27 Chain Mail Armor
51:01 Halberdier
51:48 Thumb Ring
53:03 Capped Ram
54:27 Siege Ram
59:07 Plate Mail Armor
中国机长之中国人能飞
1:04 Loom
11:33 Feudal Age
11:05 Double-Bit Axe
11:03 Horse Collar
12:53 Wheelbarrow
18:57 Castle Age
19:51 Bow Saw
19:44 Heavy Plow
20:00 Hand Cart
29:23 Gold Mining
32:51 Imperial Age
31:09 Gold Shaft Mining
30:47 Stone Mining
31:40 Crop Rotation
33:13 Stone Shaft Mining
33:41 Two-Man Saw
33:23 Padded Archer Armor
33:36 Burgundian Vineyards
34:41 Chemistry
34:04 Conscription
38:47 Leather Archer Armor
41:26 Elite Coustillier
43:32 Scale Barding Armor
43:37 Forging
43:29 Husbandry
45:54 Light Cavalry
47:36 Iron Casting
47:21 Chain Barding Armor
47:51 Hussar
58:38 Caravan
我不是ikun
11:15 Feudal Age
15:08 Castle Age
13:54 Double-Bit Axe
19:42 Wheelbarrow
20:37 Bow Saw
24:04 Horse Collar
27:41 Hand Cart
27:12 Loom
29:15 Heavy Plow
30:12 Gold Mining
30:13 Stone Mining
34:24 Imperial Age
33:06 Scale Barding Armor
33:12 Forging
34:43 Gold Shaft Mining
35:30 Fletching
35:40 Padded Archer Armor
38:46 Chain Barding Armor
39:02 Iron Casting
38:03 Elite Battle Elephant
38:23 Elite Battle Elephant
40:12 Plate Barding Armor
39:01 Light Cavalry
39:01 Cavalier
39:01 Light Cavalry
39:01 Cavalier
39:01 Light Cavalry
39:01 Cavalier
39:01 Light Cavalry
39:01 Cavalier
40:43 Bloodlines
40:33 Husbandry
40:44 Bloodlines
40:19 Light Cavalry
41:54 Bloodlines
41:14 Hussar
41:55 Husbandry
43:30 Blast Furnace
43:31 Heavy Scorpion
44:23 Siege Engineers
45:59 Double Crossbow
46:20 Conscription
47:54 Chemistry
47:25 Ballistics
robecha18
6:54 Loom
11:55 Feudal Age
12:40 Double-Bit Axe
16:59 Castle Age
15:09 Horse Collar
19:30 Wheelbarrow
21:37 Stone Mining
22:35 Hand Cart
22:17 Town Watch
23:57 Gold Mining
25:25 Caravan
27:50 Gold Shaft Mining
29:33 Bow Saw
32:16 Imperial Age
31:35 Fletching
31:47 Padded Archer Armor
32:05 Heavy Plow
32:45 Bodkin Arrow
33:17 Ballistics
32:28 Heavy Cavalry Archer
33:38 Conscription
33:30 Timurid Siegecraft
34:22 Leather Archer Armor
34:12 Bracer
35:14 Chemistry
34:25 Masonry
34:58 Siege Engineers
34:38 Pikeman
35:18 Squires
36:04 Masonry
35:53 Murder Holes
36:21 Halberdier
39:02 Scale Mail Armor
39:13 Forging
39:34 Ring Archer Armor
39:31 Scale Barding Armor
40:30 Elite Skirmisher
45:57 Bloodlines
45:48 Husbandry
47:03 Iron Casting
46:48 Chain Barding Armor
47:08 Capped Ram
47:13 Cavalier
47:17 Heavy Camel Rider
51:53 Siege Ram
55:07 Bombard Tower
56:35 Crop Rotation
59:08 Arson
60:30 Blast Furnace
60:06 Plate Barding Armor
59:20 Light Cavalry
59:21 Cavalier
60:16 Crossbowman
62:22 Hussar
JanChess
1:39 Loom
10:06 Feudal Age
14:20 Double-Bit Axe
15:01 Gold Mining
15:10 Stone Mining
15:15 Horse Collar
18:29 Fletching
21:25 Castle Age
21:33 Padded Archer Armor
22:13 Bodkin Arrow
32:03 Wheelbarrow
31:51 Bow Saw
33:50 Gold Shaft Mining
34:16 Hand Cart
33:48 Town Watch
35:31 Leather Archer Armor
41:13 Imperial Age
41:28 Elite Bolas Rider
42:47 Ring Archer Armor
42:15 Elite Bolas Rider
43:22 Elite Bolas Rider
43:56 Elite Bolas Rider
57:31 Conscription
Ren
1:00 Loom
13:18 Feudal Age
17:15 Castle Age
15:22 Double-Bit Axe
16:13 Horse Collar
16:35 Gold Mining
18:12 Wheelbarrow
19:38 Bow Saw
23:04 Stone Mining
24:43 Heavy Plow
31:37 Imperial Age
29:44 Scale Mail Armor
30:42 Hand Cart
29:49 Pikeman
30:20 Town Watch
32:01 Chain Mail Armor
31:56 Forging
32:00 Halberdier
33:06 Conscription
32:20 Capped Ram
33:39 Plate Mail Armor
34:36 Iron Casting
34:57 Fletching
34:44 Siege Ram
37:02 Blast Furnace
36:56 Furor Celtica
37:04 Bodkin Arrow
39:51 Chemistry
39:11 Ballistics
38:42 Guard Tower
40:45 Gold Shaft Mining
40:29 Stronghold
41:56 Husbandry
43:23 Sanctity
43:51 Onager
44:23 Light Cavalry
46:09 Scale Barding Armor
46:52 Keep
47:14 Fortified Wall
47:51 Chain Barding Armor
47:41 Murder Holes
48:46 Coinage
49:36 Stone Shaft Mining
51:12 Banking
53:19 Guilds
53:50 Caravan
54:20 Siege Onager
56:37 Hussar
61:41 Town Patrol
xxArMoRxx
9:29 Loom
11:25 Feudal Age
15:27 Castle Age
13:20 Double-Bit Axe
13:39 Horse Collar
15:49 Wheelbarrow
15:03 Loom
16:44 Bow Saw
19:02 Fervor
22:23 Stone Mining
22:35 Gold Mining
23:38 Town Watch
29:40 Imperial Age
27:18 Fletching
27:29 Padded Archer Armor
27:56 Bodkin Arrow
28:48 Gold Shaft Mining
28:49 Stone Shaft Mining
29:37 Leather Archer Armor
29:40 Hand Cart
30:50 Conscription
31:01 Bracer
32:04 Hoardings
31:08 Capped Ram
32:24 Forging
32:19 Scale Barding Armor
32:17 Heavy Plow
33:46 Thumb Ring
34:07 Parthian Tactics
34:35 Caravan
34:39 Elite Mangudai
38:09 Chain Barding Armor
38:25 Iron Casting
43:07 Ballistics
43:47 Chemistry
42:43 Murder Holes
42:59 Masonry
42:56 Siege Engineers
43:03 Husbandry
43:13 Bloodlines
42:35 Light Cavalry
43:59 Heavy Scorpion
45:08 Hussar
46:49 Coinage
47:13 Drill
46:53 Nomads
48:36 Nomads
48:07 Sappers
52:26 Banking
52:59 Blast Furnace
51:36 Onager
53:07 Siege Onager
53:11 Siege Ram
Connection lost

Rejoining the realm…

Still unreachable

The connection could not be restored.

Session expired

The server has moved on; the page needs a fresh start.